 Seeded DCSS version 0.28-a0-1594-ga885d4b3d6 (webtiles) character file.

Game seed: 11 (custom seed)

628 knot the Chopper (level 7, -23/78 HPs)
             Began as a Demonspawn Berserker on Jan 20, 2022.
             Was a Follower of Trog.
             Annihilated by an ogre (33 damage)
             ... on level 5 of the Dungeon.
             The game lasted 00:05:13 (7351 turns).

knot the Chopper (Demonspawn Berserker)             Turns: 7351, Time: 00:05:14

Health: -23/78     AC:  2    Str: 18    XL:     7   Next: 23%
Magic:  7/7        EV: 12    Int: 10    God:    Trog [*.....]
Gold:   200        SH:  0    Dex: 12    Spells: 6/6 levels left

rFire   . . .      SeeInvis .   a - +0 hand axe
rCold   . . .      Faith    .   (no shield)
rNeg    . . .      Spirit   .   b - +0 animal skin
rPois   .          Reflect  .   (no helmet)
rElec   .          Harm     .   (no cloak)
rCorr   .          Rampage  .   (no gloves)
Will    .....                   (no boots)
Stlth   ..........              w - amulet of magic regeneration
HPRegen 0.23/turn               (no ring)
MPRegen 0.50/turn               (no ring)

@: berserking, very quick
A: powered by death 2, sturdy frame 1, weakness stinger 1
a: Renounce Religion, Berserk


You were on level 5 of the Dungeon.
You worshipped Trog.
Trog was aware of your devotion.
You visited 1 branch of the dungeon, and saw 5 of its levels.
You also visited: Sewer.

You collected 200 gold pieces.

Inventory:

Hand Weapons
 a - a +0 hand axe (weapon)
Missiles
 d - 52 stones
 i - 8 boomerangs (quivered)
 q - 2 atropa-tipped darts
Armour
 b - a +0 animal skin (worn)
Jewellery
 w - an amulet of magic regeneration (around neck)
Scrolls
 f - 8 scrolls of identify {unknown}
 k - a scroll of enchant weapon {unknown}
 l - a scroll of fog {unknown}
 n - a scroll of summoning {unknown}
 p - 3 scrolls of teleportation {unknown}
 t - a scroll of fear {unknown}
Potions
 c - 3 potions of brilliance {unknown}
 e - a potion of attraction {unknown}
 g - 3 potions of mutation {unknown}
 h - 2 potions of lignification {unknown}
 j - a potion of curing {unknown}
 m - 4 potions of degeneration {unknown}
 o - 2 potions of magic {unknown}
 r - 2 potions of cancellation {unknown}
 s - a potion of berserk rage {unknown}
 u - a potion of flight {unknown}
 v - a potion of invisibility {unknown}


   Skills:
 - Level 3.0 Fighting
 * Level 6.9 Axes
 * Level 3.1 Throwing
 - Level 1.7 Armour
 - Level 1.7 Dodging


You had 6 spell levels left.
You didn't know any spells.
Your spell library contained the following spells:

 Spells                   Type           Power      Damage    Failure   Level
 Blink                    Tloc           0%         N/A       50%         2
 Manifold Assault         Tloc           0%         N/A       100%        5
 Storm Form               Tmut/Air       0%         N/A       100%        7


Dungeon Overview and Level Annotations

Branches:
Dungeon (5/15)              Sewer (visited)
 Temple: D:4-7

Altars:
Ashenzari
Cheibriados
Dithmenos
Elyvilon
Makhleb
Ru
Trog
Vehumet
Yredelemnul


Innate Abilities, Weirdness & Mutations

You regenerate health from kills.
Your movements are slightly less encumbered by armour. (ER -2)
You have a small tail.


Message History

The ogre is severely wounded.
You slash the ogre!
You kill the ogre!
Trog accepts your kill.
Your Throwing skill increases to level 3!
You start waiting.
You feel a strong urge to attack something.
You start waiting.
You feel your anger nearly subside.
You are no longer berserk.
You are exhausted.
You feel yourself slow down.
You start waiting.
You feel yourself speed up.
You start waiting.
You recover from your berserk rage.
You start waiting.
Done waiting.
You start waiting.
Things that are here:
a +0 giant club; an ogre skeleton Key pressed, stopping explore.
No target in view!
You now have 200 gold pieces (gained 12).
An ogre comes into view. It is wielding a +0 giant spiked club.
Found 20 stones.
The ogre shouts!
An ogre is nearby!
The ogre hits you with a +0 giant spiked club!!
Ouch! That really hurt!
You are too injured to fight recklessly!
You are too injured to fight recklessly!
You are too injured to fight recklessly!
A red film seems to cover your vision as you go berserk!
You feel yourself moving faster!
You feel mighty!
The ogre hits you with a +0 giant spiked club!!
* * * LOW HITPOINT WARNING * * *
You slash the ogre! You tail-slap the ogre!
The ogre is severely wounded.
The ogre hits you with a +0 giant spiked club!!
You die...

...........
...(..................
#.................<..#
....................#
..............###... .
#............. #..# ...
#...............##
.....##.........####..#.
..?...O@.........# #....
.....##.#......## ##....
... ####....####...... .
##........#....
#.......####..#
##..##.### ##..
##..###.# #.. ####..##
#.# #.# #....## #.##
##.#


You could see an ogre.

Vanquished Creatures
  Eustachio (D:4)
  An ogre (D:5)
  A phantom (D:4)
  A scorpion (D:4)
  A hound (D:5)
  A bullfrog skeleton (D:4)
  An iguana (D:4)
  4 gnolls
  An adder (D:2)
  7 river rats
  A worm (D:2)
  A dart slug (D:3)
  An orc (D:3)
  6 endoplasms
  4 giant cockroaches
  4 goblins
  3 hobgoblins
  4 jackals
  2 quokkas
  11 ball pythons
  8 bats
  5 frilled lizards
  7 kobolds
  16 rats
92 creatures vanquished.

Notes
Turn   | Place    | Note
-------+----------+-------------------------------------------
     0 | D:1      | knot the Demonspawn Berserker began the quest for the Orb.
     0 | D:1      | Reached XP level 1. HP: 18/18 MP: 1/1
   175 | D:1      | Reached skill level 3 in Axes
   178 | D:1      | Gained mutation: You regenerate a little health from kills.
                  | [demonic ancestry]
   178 | D:1      | Reached XP level 2. HP: 24/24 MP: 2/2
   583 | D:1      | Found a faded altar of an unknown god.
  1065 | D:2      | Gained mutation: Your movements are slightly less
                  | encumbered by armour. (ER -2) [demonic ancestry]
  1065 | D:2      | Reached XP level 3. HP: 27/29 MP: 3/3
  1503 | D:2      | Reached skill level 4 in Axes
  2536 | D:3      | Found a glowing drain.
  2553 | D:3      | Reached XP level 4. HP: 12/35 MP: 4/4
  2736 | Sewer    | Entered a sewer
  2846 | Sewer    | Reached skill level 5 in Axes
  3598 | Sewer    | Reached XP level 5. HP: 39/41 MP: 5/5
  3599 | Sewer    | Reached ** piety under Trog
  4428 | D:3      | Found a shadowy altar of Dithmenos.
  4431 | D:3      | Found a bloodstained altar of Trog.
  4432 | D:3      | Found a basalt altar of Yredelemnul.
  4432 | D:3      | Found a radiant altar of Vehumet.
  4432 | D:3      | Found a burning altar of Makhleb.
  4434 | D:3      | Found a broken altar of Ashenzari.
  4435 | D:3      | Found a snail-covered altar of Cheibriados.
  4437 | D:3      | Found a sacrificial altar of Ru.
  4644 | D:4      | Reached skill level 6 in Axes
  4997 | D:4      | Gained mutation: You have a small tail. [demonic ancestry]
  4997 | D:4      | Reached XP level 6. HP: 47/47 MP: 6/6
  5342 | D:4      | Reached skill level 1 in Throwing
  5595 | D:4      | Noticed Eustachio
  5998 | D:4      | Killed Eustachio
  6127 | D:4      | Gained mutation: You regenerate health from kills. [demonic
                  | ancestry]
  6127 | D:4      | Reached XP level 7. HP: 33/52 MP: 7/7
  6877 | D:5      | Entered Level 5 of the Dungeon
  7351 | D:5      | Annihilated by an ogre

Illustrated notes

Levels and vault maps discovered:
D:1:      minmay_arrival_nine_rooms, layout_rooms, basic_ecumenical_altar
D:2:      layout_basic
D:3:      layout_loops_ring, minitemple, portal_sewer_entry_b,
          lemuel_old_faithful
D:4:      layout_basic, uniq_eustachio
D:5:      layout_layer_cave, minivault_24

Skill      XL: |  1  2  3  4  5  6  7 |
---------------+----------------------+-----
Axes           | 3 4 5 6 |  6.9
Throwing       | 2 3 |  3.1
Fighting       | |  3.0
Armour         | |  1.7
Dodging        | |  1.7

Action                   |  1- 3 |  4- 6 |  7- 9 || total
-------------------------+-------+-------+-------++-------
Melee: Hand axe          |   130 |   187 |    18 ||   335
       Punch             |     1 |     1 |       ||     2
       Tailslap          |       |     6 |     4 ||    10
Throw: Boomerang         |       |    11 |       ||    11
Invok: Berserk           |     3 |    10 |     2 ||    15
 Stab: Sleeping          |     2 |     2 |       ||     4
Armor: Animal skin       |    33 |    21 |     2 ||    56
Dodge: Dodged            |    96 |   105 |     9 ||   210

Table legend: (Time is in decaauts)
 A = Elapsed time spent in this place.
 B = Non-inter-level travel time spent in this place.
 C = Inter-level travel time spent in this place.
 D = Time resting spent in this place.
 E = Time spent auto-exploring this place.
 F = Levels seen in this place.
 G = Mean time per level.
                   A        B        C        D        E       F      G
               +--------+--------+--------+--------+--------+-----+--------+
         Total |   7548 |   7411 |    137 |   3106 |   3513 |   6 | 1258.0 |
       Dungeon |   6440 |   6303 |    137 |   2490 |   3241 |   5 | 1288.0 |
         Sewer |   1108 |   1108 |      0 |    616 |    271 |   1 | 1108.0 |
               +--------+--------+--------+--------+--------+-----+--------+

Top non-repeatable levels by time:
     D:4: 2211 daAuts
     D:2: 1579 daAuts
     D:3: 1193 daAuts
   Sewer: 1108 daAuts
     D:1: 971 daAuts
     D:5: 484 daAuts
